 Dungeon Crawl Stone Soup version 0.28-a0-983-g1de4e0787c (webtiles) character file.

Game seed: 16274579770237056963

34 tatocazan the Skirmisher (level 3, 29/29 HPs)
             Began as a Demonspawn Fighter on Dec 2, 2021.
             Quit the game on level 2 of the Dungeon.
             The game lasted 00:00:57 (1364 turns).

tatocazan the Skirmisher (Demonspawn Fighter)       Turns: 1364, Time: 00:00:57

Health: 29/29      AC:  9    Str: 18    XL:     3   Next: 14%
Magic:  3/3        EV:  7    Int:  9    God:
Gold:   57         SH:  4    Dex: 12    Spells: 2/2 levels left

rFire   + . .      SeeInvis .   a - +0 war axe
rCold   . . .      Faith    .   c - +0 buckler
rNeg    . . .      Spirit   .   h - +0 chain mail
rPois   .          Reflect  .   (no helmet)
rElec   .          Harm     .   (no cloak)
rCorr   .          Rampage  .   (no gloves)
Will    .....                   (no boots)
Stlth   ..........              (no amulet)
HPRegen 0.09/turn               k - ring of protection from fire
MPRegen 0.08/turn               (no ring)

@: no status effects
A: claws 1, spiny 1
a: no special abilities


You were on level 2 of the Dungeon.
You visited 1 branch of the dungeon, and saw 2 of its levels.

You collected 57 gold pieces.

Inventory:

Hand Weapons
 a - a +0 war axe (weapon)
Armour
 b - a +0 scale mail
 c - a +0 buckler (worn)
 h - a +0 chain mail (worn)
Jewellery
 g - a ring of fire
 k - a ring of protection from fire (left claw)
Scrolls
 e - a scroll of identify {unknown}
 i - a scroll of torment {unknown}
Potions
 d - a potion of might
 f - a potion of haste {unknown}
 j - a potion of cancellation {unknown}


   Skills:
 + Level 3.3 Fighting
 + Level 2.2 Axes
 + Level 3.0 Armour
 + Level 3.0 Shields


You had 2 spell levels left.
You didn't know any spells.
Your spell library was empty.

Dungeon Overview and Level Annotations

Branches:
Dungeon (2/15)

Altars:


Innate Abilities, Weirdness & Mutations

You have sharp fingernails.
You are partially covered in sharp spines.


Message History

You are too injured to fight recklessly!
You are too injured to fight recklessly!
You are too injured to fight recklessly!
You are too injured to fight recklessly!
You are too injured to fight recklessly!
You are too injured to fight recklessly!
You are too injured to fight recklessly!
You are too injured to fight recklessly!
You are too injured to fight recklessly!
You are too injured to fight recklessly!
You are too injured to fight recklessly!
Your chain mail prevents you from hitting the adder.
The adder is almost dead.
You hit the goblin.
You kill the goblin!
You feel sick. The adder is struck by your spines.
The adder bites you but does no damage. The adder barely misses you.
Your Shields skill increases to level 3!
You take 2 damage, and have 11/24 hp.
You closely miss the adder.
The adder is almost dead.
You feel sick. The adder is struck by your spines.
You kill the adder!
You have reached level 3!
Your experience leads to an increase in your attributes!
Increase (S)trength, (I)ntelligence, or (D)exterity?
You feel stronger. x2
You feel monstrous as your demonic heritage exerts itself.
Your demonic ancestry asserts itself...
Your fingernails lengthen.
MP restored: 3 You start resting.
You feel sick. x3
You are no longer poisoned.
You take 3 damage, and have 8/29 hp.
You start resting.
You start resting.
You start resting.
HP restored.
Health restored: 29 Are you sure you want to abandon this character and quit the game? (Confirm with "yes".)

#........# #.#
#.## #........#
#.# #...
#........# #.#
#### †........#
#.#
.........#####.##
....#######.....#
....# #.....#
....#
#.....#####+#
#####
#.....@.....#
#....))..<..#
#...........#
#####.........
#.........
#.........
#.......##
#.......#


There were no monsters in sight!

Vanquished Creatures
  An adder (D:2)
  A worm (D:2)
  A dart slug (D:2)
  2 bats
  An endoplasm (D:1)
  3 goblins (D:2)
  2 hobgoblins
  A quokka (D:1)
  A frilled lizard (D:1)
  4 kobolds
  3 rats
20 creatures vanquished.

Notes
Turn   | Place    | Note
-------+----------+-------------------------------------------
     0 | D:1      | tatocazan the Demonspawn Fighter began the quest for the
                  | Orb.
     0 | D:1      | Reached XP level 1. HP: 18/18 MP: 1/1
   346 | D:1      | Gained mutation: You are partially covered in sharp spines.
                  | [demonic ancestry]
   346 | D:1      | Reached XP level 2. HP: 24/24 MP: 2/2
  1134 | D:2      | Discovered your monstrous ancestry.
  1134 | D:2      | Gained mutation: You have sharp fingernails. [demonic
                  | ancestry]
  1134 | D:2      | Reached XP level 3. HP: 11/29 MP: 3/3
  1364 | D:2      | Quit the game

Illustrated notes

Levels and vault maps discovered:
D:1:      dpeg_arrival_refuge, layout_basic,
          nicolae_concentric_dashed_squares_wild
D:2:      layout_basic, basic_altar

Skill      XL: |  1  2 |
---------------+-------+-----
Axes           | 2 |  2.2
Armour         | 3 |  3.0
Shields        | 3 |  3.0
Fighting       | |  3.3

Action                   || total
-------------------------++-------
Melee: War axe           ||    51
Armor: Scale mail        ||    14
       Chain mail        ||    11
Dodge: Dodged            ||    20
Block: Buckler           ||     9

Table legend: (Time is in decaauts)
 A = Elapsed time spent in this place.
 B = Non-inter-level travel time spent in this place.
 C = Inter-level travel time spent in this place.
 D = Time resting spent in this place.
 E = Time spent auto-exploring this place.
 F = Levels seen in this place.
 G = Mean time per level.
                   A        B        C        D        E       F      G
               +--------+--------+--------+--------+--------+-----+--------+
         Total |   1385 |   1312 |     73 |    230 |    915 |   2 |  692.5 |
       Dungeon |   1385 |   1312 |     73 |    230 |    915 |   2 |  692.5 |
               +--------+--------+--------+--------+--------+-----+--------+

Top non-repeatable levels by time:
     D:1: 775 daAuts
     D:2: 609 daAuts
